 Dungeon Crawl Stone Soup version 0.29.1-1-gd02db6906a (webtiles) character file.

Game seed: 1415846910576212337

4169 KamiKatze the Cleaver (level 10, -3/126 HPs)
             Began as a Palentonga Berserker on Oct 9, 2022.
             Was a Priest of Trog.
             Slain by Snorg (5 damage)
             ... on level 10 of the Dungeon on Oct 11, 2022.
             The game lasted 00:32:00 (7424 turns).

KamiKatze the Cleaver (Palentonga Berserker)        Turns: 7424, Time: 00:32:00

Health: -3/126     AC: 31    Str: 25    XL:     10   Next: 7%
Magic:  10/10      EV:  9    Int:  8    God:    Trog [***...]
Gold:   317        SH:  0    Dex: 11    Spells: 9/9 levels left

rFire   . . .      SeeInvis +   H - +0 war axe (protect)
rCold   . . .      Faith    .   (no shield)
rNeg    . . .      Spirit   .   z - +0 scale mail
rPois   .          Reflect  .   j - +2 helmet
rElec   +          Harm     .   (no cloak)
rCorr   .          Rampage  .   q - +1 pair of gloves
Will    .....                   (no barding)
Stlth   ..........              (no amulet)
HPRegen 0.31/turn               G - ring "Opubol" {rElec AC+4}
MPRegen 0.12/turn               (no ring)

@: berserking (expiring), under a protective aura, curled up, very quick
A: large, rugged brown scales 3, see invisible, deformed body, roll 1, armoured
tail, reflexive curl
a: Rolling Charge, Renounce Religion, Berserk, Trog's Hand


You were on level 10 of the Dungeon.
You worshipped Trog.
Trog was most pleased with you.
You visited 2 branches of the dungeon, and saw 9 of its levels.
You also visited: Sewer.

You collected 317 gold pieces.

Inventory:

Hand Weapons
 a - a +1 hand axe
 b - a +0 trident
 w - a +0 morningstar
 F - a +0 vorpal mace
 H - a +0 war axe of protection (weapon)
Missiles
 r - 3 throwing nets (quivered)
 s - 12 poisoned darts
 u - a curare-tipped dart
Armour
 g - a +0 tower shield
 j - a +2 helmet (worn)
 n - a +0 chain mail
 q - a +1 pair of gloves (worn)
 z - a +0 scale mail (worn)
Jewellery
 G - the ring "Opubol" (left hand) {rElec AC+4}
   (You found it on level 5 of the Dungeon)

   [ring of protection]

   AC:        It affects your AC (+4).
   rElec:     It insulates you from electricity.
Wands
 k - a wand of flame (38)
Scrolls
 c - a scroll of fear
 m - 2 scrolls of teleportation
 p - a scroll of butterflies
 v - a scroll of magic mapping
 x - a scroll of enchant armour
 A - 7 scrolls of identify
 C - a scroll of poison
Potions
 d - 2 potions of might
 h - 2 potions of lignification
 i - 3 potions of resistance
 l - 7 potions of curing
 o - 2 potions of flight
 t - 2 potions of cancellation
 E - 2 potions of haste


   Skills:
 + Level 7.0 Fighting
 * Level 9.5 Axes
 + Level 5.5 Armour
 + Level 5.5 Dodging
 - Level 3.0 Evocations


You had 9 spell levels left.
You didn't know any spells.
Your spell library was empty.

Dungeon Overview and Level Annotations

Branches:
Dungeon (10/15)            Temple (1/1) D:5           Sewer (visited)
   Lair: D:8-11         Orc: D:9-12

Altars:
Ashenzari
Elyvilon
Fedhas
Gozag
Hepliaklqana
Kikubaaqudgha
Makhleb
Okawaru
Qazlal
Sif Muna
Trog
Uskayaw
Vehumet
Wu Jian
Xom
Zin
The Shining One

Shops:
D:3 *

Annotations:
D:3 exclusion: statue
D:10 Snorg


Innate Abilities, Weirdness & Mutations

You are completely covered in rugged brown scales. (AC +3, +7% HP)
You have supernaturally acute eyesight. (SInv)
Armour fits poorly on your strangely shaped body.
You can roll at nearby foes to attack.
You have a long armoured tail.
You curl defensively after being hit. (AC +7*)


Message History

* * * LOW HITPOINT WARNING * * *
You barely miss Snorg.
Snorg is severely wounded.
Snorg bites you but does no damage. Snorg claws you.
* * * LOW HITPOINT WARNING * * *
Snorg closely misses you.
You barely miss Snorg.
Snorg is severely wounded.
Snorg closely misses you. Snorg claws you but does no damage.
Snorg completely misses you.
You slash Snorg!
Snorg is severely wounded.
Snorg closely misses you. Snorg claws you.
* * * LOW HITPOINT WARNING * * *
Snorg claws you but does no damage.
You closely miss Snorg.
Snorg is severely wounded.
Snorg bites you!
* * * LOW HITPOINT WARNING * * *
Snorg claws you but does no damage. Snorg claws you!
* * * LOW HITPOINT WARNING * * *
You slash Snorg!
Your tail-slap misses Snorg.
Snorg is almost dead.
Snorg bites you!
* * * LOW HITPOINT WARNING * * *
Snorg claws you.
* * * LOW HITPOINT WARNING * * *
Snorg claws you but does no damage.
Saving game... please wait.
Level annotation: Snorg Welcome back, KamiKatze the Palentonga Berserker.
Trog says: Kill them all!
Press ? for a list of commands and other information.
You are too berserk!
You are too berserk!
You are too berserk!
You closely miss Snorg. You tail-slap Snorg!
Snorg is almost dead.
Snorg bites you.
You die...

............................#....
PPPP..♣♣♣♣.._..♣♣♣♣..PPPP........
...........sT.....).........#.###
################.######..#.##.#
#.# #..#.##.# ####.#### #.......#
#...s...# ##.....## #.##T##.#
#.....#### #.##@##.# #.....##..
#(##.##.# #.....##.# #.##.##.#
#.....##.# #.......# #######..#
####.#### ##.# #.# #.# #.#
#########.. #.######.......##.
#.....##.#####.##.


You could see Snorg (berserk) and a scorpion.

Vanquished Creatures
  Harold (D:10)
  A two-headed ogre (D:10)
  Nergalle (D:10)
  Maggie (D:6)
  An unseen horror (D:10)
  Grinder (Sewer)
  A wyvern (D:7)
  A steam dragon (D:7)
  Menkaure (D:6)
  Duvessa (D:4)
  A sky beast (D:7)
  A centaur (D:6)
  2 kobold brigands (Sewer)
  2 bullfrogs
  Dowan (D:4)
  2 vampire bats (D:5)
  A quasit (Sewer)
  A hound (D:5)
  3 jellies
  An orc priest (D:10)
  2 iguanas
  4 orc wizards
  Natasha (thrice) (D:2)
  Terence (D:2)
  3 gnolls (D:2)
  5 adders
  A shadow imp (Sewer)
  A white imp (D:5)
  3 ufetubi (Sewer)
  3 worms
  5 dart slugs
  14 orcs
  2 bat skeletons (D:5)
  3 bat zombies (D:5)
  5 endoplasms
  5 giant cockroaches
  4 goblins
  8 hobgoblins
  9 jackals
  4 quokkas
  6 ball pythons
  9 bats
  2 frilled lizards
  27 kobolds
  2 kobold zombies (Sewer)
  4 rats
160 creatures vanquished.

Vanquished Creatures (others)
  An endoplasm (Sewer)
  3 kobold zombies (Sewer)
  6 fungi (D:10)
  9 plants (D:10)
19 creatures vanquished.

Grand Total: 179 creatures vanquished

Notes
Turn   | Place    | Note
-------+----------+-------------------------------------------
     0 | D:1      | KamiKatze the Palentonga Berserker began the quest for the
                  | Orb.
     0 | D:1      | Reached XP level 1. HP: 19/19 MP: 1/1
   180 | D:1      | Found a faded altar of an unknown god.
   221 | D:1      | Reached XP level 2. HP: 25/25 MP: 2/2
   776 | D:2      | Reached XP level 3. HP: 26/31 MP: 3/3
   834 | D:2      | Found an iron altar of Okawaru.
   943 | D:2      | Reached ** piety under Trog
  1062 | D:2      | Noticed Terence
  1072 | D:2      | Killed Terence
  1073 | D:2      | Reached XP level 4. HP: 27/37 MP: 4/4
  1084 | D:2      | Reached skill level 4 in Axes
  1440 | D:2      | Noticed Natasha
  1444 | D:2      | Killed Natasha
  1445 | D:2      | Reached XP level 5. HP: 38/44 MP: 5/5
  1501 | D:2      | Noticed Natasha
  1513 | D:2      | Killed Natasha
  1810 | D:2      | Noticed Natasha
  1839 | D:2      | Killed Natasha
  1995 | D:3      | Found a glowing drain.
  1999 | Sewer    | Entered a sewer
  2261 | Sewer    | Reached *** piety under Trog
  2262 | Sewer    | Reached XP level 6. HP: 45/51 MP: 6/6
  2409 | Sewer    | Reached skill level 5 in Axes
  2521 | Sewer    | Found a burning altar of Makhleb.
  2586 | Sewer    | Noticed Grinder
  2608 | Sewer    | Killed Grinder
  2609 | Sewer    | Gained mutation: You curl defensively after being hit. (AC
                  | +7*) [Palentonga growth]
  2609 | Sewer    | Reached XP level 7. HP: 29/58 MP: 7/7
  3079 | D:3      | Found an opulent altar of Gozag.
  3245 | D:3      | Found a hazy altar of Hepliaklqana.
  3322 | D:3      | Found Zin's Purification Station.
  3326 | D:3      | Found a glowing silver altar of Zin.
  3452 | D:3      | Found a radiant altar of Vehumet.
  3841 | D:4      | Noticed Duvessa
  3841 | D:4      | Noticed Dowan
  3956 | D:4      | Killed Duvessa
  3957 | D:4      | Reached skill level 6 in Axes
  4008 | D:4      | Killed Dowan
  4381 | D:4      | Found an iron altar of Okawaru.
  4732 | D:5      | Entered Level 5 of the Dungeon
  4765 | D:5      | Identified the +5 ring mail "Linteg" {*Slow rCorr Str+5}
  4862 | D:5      | Found a staircase to the Ecumenical Temple.
  4924 | Temple   | Entered the Ecumenical Temple
  5200 | D:5      | Reached skill level 5 in Fighting
  5204 | D:5      | Found an ancient bone altar of Kikubaaqudgha.
  5204 | D:5      | Identified the ring "Opubol" {rElec AC+4}
  5221 | D:5      | Reached XP level 8. HP: 63/66 MP: 8/8
  5714 | D:6      | Noticed Menkaure
  5730 | D:5      | Reached skill level 1 in Evocations
  6168 | D:7      | Found a shimmering blue altar of Sif Muna.
  6229 | D:7      | Reached skill level 7 in Axes
  6297 | D:6      | Noticed Maggie
  6593 | D:6      | Killed Menkaure
  6622 | D:6      | Killed Maggie
  6695 | D:7      | Reached XP level 9. HP: 61/73 MP: 9/9
  6709 | D:7      | Found a hide-covered altar of Uskayaw.
  6710 | D:7      | Noticed a +0 dagger
  6710 | D:7      | Noticed a +0 hand axe
  6812 | D:7      | You fall into a shaft and drop 3 floors!
  6812 | D:10     | Entered Level 10 of the Dungeon
  6814 | D:10     | Found a burning altar of Makhleb.
  6821 | D:10     | Noticed a troll
  6880 | D:10     | Reached skill level 8 in Axes
  6972 | D:10     | Found a stormy altar of Qazlal.
  6973 | D:10     | Noticed an unseen horror
  6987 | D:10     | Killed an unseen horror
  6989 | D:10     | Noticed Harold
  7001 | D:10     | Killed Harold
  7002 | D:10     | Reached skill level 5 in Armour
  7002 | D:10     | Reached skill level 5 in Dodging
  7092 | D:10     | Noticed Nergalle
  7113 | D:10     | Killed Nergalle
  7114 | D:10     | Reached skill level 9 in Axes
  7272 | D:10     | Noticed a two-headed ogre
  7306 | D:10     | Killed a two-headed ogre
  7307 | D:10     | Reached XP level 10. HP: 84/84 MP: 10/10
  7378 | D:10     | Noticed Snorg
  7423 | D:10     | HP: 3/126 [Snorg (8)]
  7424 | D:10     | Slain by Snorg

Illustrated notes

Levels and vault maps discovered:
D:1:      reono_arrival_mine, layout_basic,
          shapermc_ecumenical_altar_starsandcircs
D:2:      minmay_general_purpose_star, layout_basic, basic_altar,
          minmay_diced_spiral, uniq_terence, uniq_natasha
D:3:      layout_basic, lemuel_crystal_altar, zin_purify, vehumet_statue,
          mainiacjoe_overflow_paths, gup_sewer_entry_bowl,
          kennysheep_decorative_pillar
D:4:      layout_loops_corners, mainiacjoe_overflow_tiny_flanked,
          chequers_serial_rivers_room_b, uniq_duvessa
D:5:      layout_cave_pods, kennysheep_vampire_church,
          minmay_temple_entry_statues_fountains, corexii_checkpoint_a,
          uniq_grinder
D:6:      layout_cave_pools, uniq_maggie, uniq_menkaure
D:7:      layout_rooms, nicolae_sif_muna_little_library,
          dancing_weapons_uskayaw, mainiacjoe_overflow_alcove_2,
          mainiacjoe_overflow_brackets, mainiacjoe_overflow_two_lobes
D:10:     layout_loops_cross, kennysheep_mini, mainiacjoe_overflow_boulevard,
          nicolae_overflow_hidden_temple, grunt_lair_entry_orc_guard_hut,
          enter_bailey_2, kennysheep_windowed_goal, uniq_nergalle, uniq_harold,
          uniq_snorg
Temple:   nicolae_temple_little_seven

Skill      XL: |  1  2  3  4  5  6  7  8  9 |
---------------+----------------------------+-----
Dodging        | 2 3 4 5 |  5.5
Armour         | 2 3 4 5 |  5.5
Axes           | 4 5 6 7 9 |  9.5
Fighting       | 4 5 7 |  7.0
Evocations     | 2 3 |  3.0

Action                   |  1- 3 |  4- 6 |  7- 9 | 10-12 || total
-------------------------+-------+-------+-------+-------++-------
Melee: Hand axe          |   102 |   176 |   163 |       ||   441
       Tailslap          |    11 |    23 |    32 |     3 ||    69
       Punch             |       |       |     3 |     1 ||     4
       War axe           |       |       |    81 |    14 ||    95
Invok: Berserk           |     2 |     2 |     9 |     1 ||    14
       Trog's Hand       |       |     1 |     5 |       ||     6
 Abil: Rolling Charge    |    19 |    24 |    31 |     1 ||    75
  Use: Scroll            |       |     3 |    17 |       ||    20
Armor: Animal skin       |     5 |       |       |       ||     5
       Ring mail         |    35 |   123 |    45 |       ||   203
       Scale mail        |       |       |   133 |    13 ||   146
Dodge: Dodged            |    55 |    74 |   122 |    10 ||   261
